 Dungeon Crawl Stone Soup version 0.22-a0-49-g614aadd (webtiles) character file.

221 KristoblXynda the Slasher (level 5, -1/45 HPs)
             Began as a Naga Gladiator on Jan 8, 2018.
             Was an Initiate of Gozag.
             Slain by an orc (3 damage)
             ... on level 4 of the Dungeon.
             The game lasted 00:04:52 (2668 turns).

KristoblXynda the Slasher (Naga Gladiator)          Turns: 2668, Time: 00:04:53

Health: -1/45      AC: 10    Str: 16    XL:     5   Next: 98%
Magic:  5/5        EV:  7    Int:  9    God:    Gozag
Gold:   206        SH:  3    Dex: 13    Spells: 4/4 levels left

rFire    . . .     SeeInvis +   a - +0 long sword
rCold    . . .     Gourm    .   y - +0 buckler
rNeg     . . .     Faith    .   j - +0 ring mail
rPois    +         Spirit   .   c - +0 helmet
rElec    .         Reflect  .   (no cloak)
rCorr    .         Harm     .   (no gloves)
MR       .....                  g - +0 naga barding
Stlth    +.........             (no amulet)
HPRegen  0.15/turn              (no ring)
MPRegen  0.09/turn              (no ring)

@: lethally poisoned (-1 -> -5), short of breath, hasted, quick
A: large, see invisible, deformed body, poison resistance, slowness 2, slow
metabolism 1, spit poison 1, AC +1
a: Spit Poison, Potion Petition, Call Merchant, Bribe Branch, Renounce Religion


You were on level 4 of the Dungeon.
You worshipped Gozag.
Gozag was aware of your devotion.
You were not hungry.

You visited 1 branch of the dungeon, and saw 4 of its levels.

You collected 290 gold pieces.
You paid 84 gold pieces to Gozag.

Inventory:

Hand Weapons
 a - a +0 long sword (weapon)
Missiles
 d - 3 throwing nets (quivered)
Armour
 c - a +0 helmet (worn)
 g - a +0 naga barding (worn)
 j - a +0 ring mail (worn)
 y - a +0 buckler (worn)
Wands
 m - a wand of polymorph (12)
 x - a wand of paralysis (18)
Scrolls
 b - 2 scrolls of fear {unknown}
 e - a scroll of remove curse {unknown}
 k - 4 scrolls of identify {unknown}
 n - a scroll of fog {unknown}
 o - 3 scrolls of amnesia {unknown}
 q - a scroll of noise {unknown}
 s - a scroll of enchant weapon {unknown}
 t - a scroll of teleportation {unknown}
 u - a scroll of immolation {unknown}
Potions
 h - a potion of heal wounds {unknown}
 i - a potion of flight {unknown}
 l - 2 potions of haste
 p - a potion of ambrosia {unknown}
 r - a potion of curing {unknown}
 v - a potion of lignification {unknown}
 w - 2 potions of degeneration {unknown}
 z - 2 potions of resistance {unknown}
Comestibles
 f - 5 rations


   Skills:
 - Level 2.0 Fighting
 + Level 4.4 Long Blades
 - Level 2.0 Throwing
 + Level 2.3 Armour
 + Level 3.6 Dodging


You had 4 spell levels left.
You didn't know any spells.

Dungeon Overview and Level Annotations

Branches:
Dungeon (4/15)
 Temple: D:4-7

Altars:
Elyvilon
Fedhas
Gozag
Hepliaklqana
Ru
Sif Muna
Yredelemnul

Shops:
D:3 *   D:4 (


Innate Abilities, Weirdness & Mutations

You cannot wear boots.
Your serpentine skin is tough. (AC +1)
You have supernaturally acute eyesight. (SInv)
Armour fits poorly on your strangely shaped body.
Your system is resistant to poisons. (rPois)
You cover ground very slowly.
You have a slow metabolism.
You can spit poison.


Message History

The orc is no longer distracted by gold.
The orc hits you but does no damage. The worker ant bites you.
* * * LOW HITPOINT WARNING * * *
The orc closely misses you.
You hit the worker ant.
The worker ant is lightly wounded.
The worker ant bites you.
* * * LOW HITPOINT WARNING * * *
The orc hits you but does no damage. The worker ant bites you.
* * * LOW HITPOINT WARNING * * *
You are lethally poisoned!
The worker ant poisons you!
It was a potion of haste.
You feel yourself speed up.
* * * LOW HITPOINT WARNING * * *
You feel sick. The worker ant closely misses you.
You riposte.
You hit the worker ant.
The worker ant is lightly wounded.
The orc hits you.
You die...
Your body crumbles into a pile of gold.

(. .# #
######.###.##
#...........#
#.<.........#
#...........#
#.!..........
#............
#@$##..##....
...∩..ao###.##
... ..⌠.⌠.$.#
... .#
......... ....
# .%.......
.....
..........
..........
...........


You could see a worker ant and an orc.

Vanquished Creatures
  A scorpion (D:4)
  A crimson imp (D:3)
  Jessica (D:3)
  A worker ant (D:4)
  4 adders (D:2)
  An ooze (D:3)
  A worm (D:2)
  2 leopard geckos (D:3)
  4 orcs
  2 giant cockroaches (D:2)
  4 goblins
  A hobgoblin (D:2)
  4 jackals
  A quokka (D:4)
  6 bats
  3 frilled lizards
  5 kobolds
  6 rats
48 creatures vanquished.

Notes
Turn   | Place    | Note
-------+----------+-------------------------------------------
     0 | D:1      | KristoblXynda the Naga Gladiator began the quest for the Orb.
     0 | D:1      | Reached XP level 1. HP: 19/19 MP: 1/1
   714 | D:2      | Reached XP level 2. HP: 26/26 MP: 2/2
   819 | D:2      | Reached XP level 3. HP: 24/32 MP: 3/3
   929 | D:2      | Found a faded altar of an unknown god.
   930 | D:2      | Reached skill level 1 in Armour
  1265 | D:2      | Found a white marble altar of Elyvilon.
  1265 | D:2      | Found a blossoming altar of Fedhas.
  1333 | D:2      | Found a sacrificial altar of Ru.
  1372 | D:2      | Reached XP level 4. HP: 37/39 MP: 4/4
  1474 | D:3      | Found a hazy altar of Hepliaklqana.
  1754 | D:3      | Found Gozag's Platinum Reserve.
  1754 | D:3      | Found an opulent altar of Gozag.
  2020 | D:3      | Found a basalt altar of Yredelemnul.
  2249 | D:3      | Reached skill level 4 in Long Blades
  2249 | D:3      | Reached XP level 5. HP: 45/45 MP: 5/5
  2367 | D:3      | Noticed Jessica
  2373 | D:3      | Killed Jessica
  2380 | D:3      | Found a deep blue altar of Sif Muna.
  2564 | D:3      | Became a worshipper of Gozag Ym Sagoz the Greedy
  2629 | D:4      | Found Doqejok's Weapon Emporium.
  2668 | D:4      | HP: 2/45 [poisoned by a worker ant]
  2668 | D:4      | Slain by an orc

Vault maps used:
D:1:      lemuel_arrival_hallway
D:2:      nicolae_ru_path_of_blood, gammafunk_temple_overflow_elements,
          chequers_ecumenical_altar_simple_redux
D:3:      tgw_sif, overflow_temple_1_default, nicolae_gozag_zags_fifth_avenue,
          nicolae_overflow_hidden_temple, minivault_26, dk_noncrumbling_3
D:4:      led_xom_imps, old_standard_altar, first_ration, serial_shops,
          shop_fountains, shop, nicolae_shop_competitors_out_of_business,
          kennysheep_mini, uniq_ijyb

Skill      XL: |  1  2  3  4  5 |
---------------+----------------+-----
Throwing       | 2 |  2.0
Armour         | 1 2 |  2.3
Dodging        | 3 |  3.6
Long Blades    | 4 |  4.4
Fighting       | |  2.0

Action                   |  1- 3 |  4- 6 || total
-------------------------+-------+-------++-------
Melee: Long sword        |    56 |   138 ||   194
 Abil: Spit Poison       |     8 |    12 ||    20
  Use: Potion            |       |     1 ||     1
  Eat: Chunk             |     1 |       ||     1
       Ration            |       |     2 ||     2
Armor: Leather armour    |     6 |       ||     6
       Ring mail         |    40 |    88 ||   128
Dodge: Dodged            |    30 |    72 ||   102
Block: Buckler           |       |    10 ||    10
       Rpst.: Long sword |    10 |    24 ||    34

Table legend:
 A = Spawn XP
 B = Non-spawn XP
 C = Spawn XP percentage of total XP
 D = Spawn monster count
 E = Non-spawn monster count
 F = Spawn count percentage of total count
 G = Total turns spent on level
                    A         B        C        D         E        F      G
               +---------+---------+-------+---------+---------+-------+---------
         Total |       0 |     316 |   0.0 |       0 |      48 |   0.0 |  2668
               +---------+---------+-------+---------+---------+-------+---------
           D:1 |       0 |       7 |   0.0 |       0 |       6 |   0.0 |   709
           D:2 |       0 |      80 |   0.0 |       0 |      20 |   0.0 |   762
           D:3 |       0 |     118 |   0.0 |       0 |      15 |   0.0 |  1144
           D:4 |       0 |     111 |   0.0 |       0 |       7 |   0.0 |    53
               +---------+---------+-------+---------+---------+-------+---------
